 Dungeon Sprint DCSS version 0.30-a0-722-g3e6e8c874d (webtiles) character file.

Game seed: 15262281448083380204

0 BigDaddyOpFi the Chopper (level 1, -3/19 HPs)
             Began as a Hill Orc Cinder Acolyte on Jan 27, 2023.
             Was an Elder of Ignis.
             Killed from afar by a lindwurm (6 damage)
             ... with a blast of flame
             ... in the Dungeon (Sprint VII: "The Pits").
             The game lasted 00:00:10 (29 turns).

BigDaddyOpFi the Chopper (Hill Orc Cinder Acolyte)    Turns: 29, Time: 00:00:10

Health: -3/19      AC:  9    Str: 16    XL:     1   Next: 0%
Magic:  2/2        EV: 11    Int: 14    God:    Ignis [****..]
Gold:   0          SH:  0    Dex:  6    Spells: 2/2 levels left

rFire   + . .      SeeInvis .    a - -1 hand axe (flame)
rCold   . . .      Faith    .    (no shield)
rNeg    . . .      Spirit   .    b - +0 robe
rPois   .          Reflect  .    (no helmet)
rElec   .          Harm     .    (no cloak)
rCorr   .          Rampage  .    (no gloves)
Will    .....      NoTele   +    (no boots)
Stlth   +                        (no amulet)
HPRegen 0.23/turn                (no ring)
MPRegen 0.08/turn                (no ring)

@: fiery-armoured
A: no striking features
a: Renounce Religion, Fiery Armour, Foxfire Swarm, Rising Flame


You were in the Dungeon.
You worshipped Ignis.
Ignis was greatly pleased with you.
You visited 1 branch

Inventory:

Hand Weapons
 a - a -1 hand axe of flaming (weapon)
Armour
 b - a +0 robe (worn)
Scrolls
 h - a scroll of blinking
Potions
 c - a potion of curing
 d - a potion of heal wounds
 e - a potion of haste
 f - 2 potions of magic
 g - a potion of berserk rage


   Skills:
 + Level 3.6 Fighting
 + Level 4.0 Axes
 + Level 1.0 Spellcasting
 + Level 3.2 Fire Magic


You had 2 spell levels left.
You didn't know any spells.
Your spell library contained the following spells:

 Spells                   Type           Power      Damage    Failure   Level
 Scorch                   Fire           18%        2d6       11%         2


Dungeon Overview and Level Annotations

Branches:
Dungeon (1/1)

Altars:


Message History

The lindwurm is lightly wounded.
There is a huge open gate here.
There is a huge open gate leading to the Armoury (Hard) here.
Activating: Foxfire Swarm
Press: ? - help, Dir - look around, f - activate Flames leap up around you!
The foxfire hits the lindwurm but does no damage.
The lindwurm is lightly wounded.
Your foxfire dissipates!
The foxfire hits the lindwurm.
The lindwurm is moderately wounded.
The foxfire hits the lindwurm.
The lindwurm is moderately wounded.
The foxfire hits the lindwurm but does no damage.
The lindwurm is moderately wounded.
The foxfire hits the lindwurm but does no damage.
The lindwurm is moderately wounded.
The foxfire hits the lindwurm but does no damage.
The lindwurm is moderately wounded.
The foxfire hits the lindwurm.
The lindwurm is moderately wounded.
The foxfire hits the lindwurm but does no damage.
The lindwurm is moderately wounded.
The foxfire hits the lindwurm.
The lindwurm is moderately wounded.
The foxfire hits the lindwurm but does no damage.
The lindwurm is moderately wounded.
The foxfire hits the lindwurm but does no damage.
The lindwurm is moderately wounded.
The foxfire hits the lindwurm but does no damage.
The lindwurm is moderately wounded.
The foxfire hits the lindwurm but does no damage.
The lindwurm is moderately wounded.
The foxfire hits the lindwurm.
The lindwurm is moderately wounded.
The foxfire hits the lindwurm but does no damage.
The lindwurm is moderately wounded.
The lindwurm breathes flames at you. The blast of flame hits you. You resist.
You die...

##########++##########
#................##..#
#......#..#....§§##§.#
#..............§§'Y..#
+..............@.'kY.#######
#......#..#....§§##Y.Y......
#..............§§##.........
####'#####++################
#.......# #.......#
#.......# #...<...#
#.......#


You could see 4 death yaks and a lindwurm (catching breath).

Vanquished Creatures (others)
  22 foxfires (D)
22 creatures vanquished.

Notes
Turn   | Place    | Note
-------+----------+-------------------------------------------
     0 | D        | BigDaddyOpFi the Hill Orc Cinder Acolyte began the quest
                  | for the Orb.
     0 | D        | Reached XP level 1. HP: 19/19 MP: 2/2
    19 | D        | Noticed a lindwurm
    19 | D        | Noticed a death yak
    19 | D        | Noticed a death yak
    20 | D        | Noticed a death yak
    20 | D        | Noticed a death yak
    29 | D        | Killed from afar by a lindwurm

Illustrated notes

Levels and vault maps discovered:
D:        pitsprint [storerooms_1, entrance_room_1, metal_vault_5, armoury_3,
          mini_pit_1, grid_room_1, main_hall_1, silver_pit, the_coven_3,
          the_vestibule_1, steel_vault_5, golden_pit, hallway_of_sentries,
          crystal_vault_5, iron_vault_5, final_vault]

Action                     || total
---------------------------++-------
 Invoke: Foxfire Swarm     ||     2
         Fiery Armour      ||     1

Table legend: (Time is in decaauts)
 A = Elapsed time spent in this place.
 B = Non-inter-level travel time spent in this place.
 C = Inter-level travel time spent in this place.
 D = Time resting spent in this place.
 E = Time spent auto-exploring this place.
 F = Levels seen in this place.
 G = Mean time per level.
                   A        B        C        D        E       F      G
               +--------+--------+--------+--------+--------+-----+--------+
         Total |     29 |     29 |      0 |      0 |      0 |   1 |   29.0 |
       Dungeon |     29 |     29 |      0 |      0 |      0 |   1 |   29.0 |
               +--------+--------+--------+--------+--------+-----+--------+

Top non-repeatable levels by time:
       D: 29 daAuts
